 Dungeon Crawl Stone Soup version 0.17.0-9-g801d43b (console) character file.

41 gw the Shooter (level 3, -3/18 HPs)
             Began as a Spriggan Hunter on Nov 10, 2015.
             Killed from afar by Sigmund (5 damage)
             ... with a magic dart
             ... on level 2 of the Dungeon.
             The game lasted 00:01:09 (1065 turns).

gw the Shooter (Spriggan Hunter)                    Turns: 1065, Time: 00:01:09

Health: -3/18      AC:  2    Str:  8    XL:     3   Next: 32%
Magic:  4/4        EV: 19    Int: 12    God:
Gold:   71         SH:  0    Dex: 17    Spells: 0 memorised, 2 levels left

rFire  . . .     SeeInvis +     c - +0 short sword
rCold  . . .     Clarity  .     d - +0 robe
rNeg   . . .     SustAt   .     (shield restricted)
rPois  .         Gourm    .     (helmet restricted)
rElec  .         Spirit   .     (no cloak)
rCorr  .         Warding  .     (gloves unavailable)
rMut   .         Stasis   .     (boots unavailable)
MR     .....                    (no amulet)
Stlth  ++........               (no ring)
                                (no ring)

@: very quick, not resistant to hostile enchantments, unstealthy
A: unfitting armour, see invisible, herbivore 3, speed 3, slow metabolism 2
a: no special abilities


You were on level 2 of the Dungeon.
You were not hungry.

You visited 1 branch of the dungeon, and saw 2 of its levels.

You collected 71 gold pieces.

Inventory:

Hand Weapons
 a - a +1 shortbow
 c - a +0 short sword (weapon)
Missiles
 b - 17 arrows
Armour
 d - a +0 robe (worn)
Comestibles
 e - 2 bread rations


   Skills:
 + Level 2.0 Fighting
 + Level 0.4 Short Blades
 * Level 5.6 Bows
 + Level 3.5 Dodging
 - Level 1.5 Stealth


You had 2 spell levels left.
You didn't know any spells.

Dungeon Overview and Level Annotations

Branches:
Dungeon (2/15)

Altars:

Annotations:
D:2 Sigmund


Innate Abilities, Weirdness & Mutations

You are tiny and cannot use many weapons and most armour.
You have supernaturally acute eyesight.
You are a herbivore.
You cover ground extremely quickly.
You need consume almost no food.


Message History

Unknown command.
ATTACK MOVE TO (0,1) Sigmund misses you.
Unknown command.
Unknown command.
Unknown command.
Unknown command.
ATTACK MOVE TO (0,1)
You hit Sigmund.
Sigmund is lightly wounded.
Unknown command.
Unknown command.
Unknown command.
Unknown command.
ATTACK MOVE TO (0,1)
You hit Sigmund.
Sigmund is lightly wounded.
Sigmund casts a spell at you. The magic dart hits you!
You die...

#########
#.......#
#.......#
#.......#
#.......####
#.......#..
########.......#.#
...............#.#
...%............i#
.######.########@#
.# #.# #... .# #.#
#..... .######.#
#....... .........
#....... ...####.#
#..^.... ...# .(.
####+##. ...#+##.#


You could see Sigmund.

Table legend:
 A = Turns spent in this place as a percentage of turns spent in the entire game.
 B = Non-inter-level travel turns spent in this place as a percentage of non-inter-level travel turns spent in the entire game.
 C = Inter-level travel turns spent in this place as a percentage of turns spent in this place.
 D = Turns resting spent in this place as a percentage of non-inter-level travel turns spent in this place.
 E = Turns spent auto-exploring this place as a percentage of non-inter-level travel turns spent in this place.
 F = Non-inter-level travel turns spent in this place divided by the number of levels of this place that you've seen.
                   A       B       C       D       E      F
               +-------+-------+-------+-------+-------+----------------------
         Total | 100.0 | 100.0 |   0.1 |   0.5 |   2.6 | 840.0
       Dungeon | 100.0 | 100.0 |   0.1 |   0.5 |   2.6 | 840.0
               +-------+-------+-------+-------+-------+----------------------

Table legend:
 A = Kills in this place as a percentage of kills in entire the game.
 B = Kills by you in this place as a percentage of kills by you in the entire game.
 C = Kills by friends in this place as a percentage of kills by friends in the entire game.
 D = Other kills in this place as a percentage of other kills in the entire game.
 E = Experience gained in this place as a percentage of experience gained in the entire game.
 F = Experience gained in this place divided by the number of levels of this place that you have seen.
                   A       B       C       D       E      F
               +-------+-------+-------+-------+-------+----------------------
         Total | 100.0 | 100.0 |  -nan |  -nan | 100.0 |  29.5
       Dungeon | 100.0 | 100.0 |  -nan |  -nan | 100.0 |  29.5
               +-------+-------+-------+-------+-------+----------------------

Vanquished Creatures
  An adder (D:2)
  An ooze (D:1)
  A giant gecko (D:2)
  2 bats (D:2)
  3 hobgoblins (D:1)
  4 kobolds (D:1)
  2 giant newts (D:1)
  3 goblins (D:1)
  6 jackals (D:1)
  4 rats (D:1)
27 creatures vanquished.

Notes
Turn   | Place    | Note
--------------------------------------------------------------
     0 | D:1      | gw the Spriggan Hunter began the quest for the Orb.
     0 | D:1      | Reached XP level 1. HP: 10/10 MP: 2/2
   234 | D:1      | Reached skill level 5 in Bows
   299 | D:1      | Reached XP level 2. HP: 15/15 MP: 3/3
   909 | D:2      | Reached XP level 3. HP: 18/18 MP: 4/4
  1051 | D:2      | Noticed Sigmund
  1065 | D:2      | Killed from afar by Sigmund

Action                   || total
-------------------------++-------
Melee: Short sword       ||    16
 Fire: Shortbow          ||    43

Vault maps used:
D:1:      kilobyte_arrival_exit_the_forest
D:2:      hangedman_decor_push, uniq_sigmund
